 Dungeon Crawl Stone Soup version 0.19-a0-1008-g4c63d25 (webtiles) character file.

1151 Implojin the Basher (level 8, -6/74 HPs)
             Began as a Minotaur Fighter on July 22, 2016.
             Killed by divine providence
             ... invoked by an orc priest
              (17 damage)
             ... on level 7 of the Dungeon.
             The game lasted 00:07:50 (1350 turns).

Implojin the Basher (Minotaur Fighter)              Turns: 1350, Time: 00:07:51

Health: -6/74      AC:  9    Str: 22    XL:     8   Next: 15%
Magic:  7/7        EV:  7    Int:  5    God:
Gold:   97         SH: 10    Dex: 11    Spells: 0 memorised, 7 levels left

rFire  + . .     SeeInvis .     a - +0 flail
rCold  + . .     Gourm    .     b - +0 scale mail
rNeg   . . .     Faith    .     d - +1 shield {AC+3}
rPois  +         Spirit   .     (helmet restricted)
rElec  +         Dismiss  .     (no cloak)
rCorr  +         Reflect  .     (no gloves)
SustAt .         Harm     .     (no boots)
MR     .....                    (no amulet)
Stlth  ..........               (no ring)
                                (no ring)

@: resistant, not resistant to hostile enchantments, extremely unstealthy
A: retaliatory headbutt, horns 2
a: no special abilities


You were on level 7 of the Dungeon.
You were not hungry.

You visited 1 branch of the dungeon, and saw 7 of its levels.

You collected 97 gold pieces.

Inventory:

Hand Weapons
 a - a +0 flail (weapon)
 n - a +2 whip of flaming
Missiles
 i - 4 needles of sleeping
 p - 8 tomahawks (quivered)
Armour
 b - a +0 scale mail (worn)
 d - a +1 shield of protection (worn)
 o - a +0 ring mail
 r - the +5 shield of Indecent Exposure {rN+ rCorr Int-3, unknown}
   (You found it on level 7 of the Dungeon)

   It affects your intelligence (-3).
   It protects you from negative energy.
   It protects you from acid and corrosion.
Wands
 l - a wand of lightning (7/15)
Scrolls
 e - 4 scrolls of remove curse
 g - a scroll of teleportation
 j - a scroll of immolation
 k - a scroll of amnesia
 m - 2 scrolls of enchant weapon
Comestibles
 f - a bread ration
 h - 2 royal jellies
 q - a meat ration


   Skills:
 * Level 7.9 Fighting
 - Level 9.5 Maces & Flails
 - Level 3.6 Armour
 - Level 3.6 Shields


You had 7 spell levels left.
You didn't know any spells.

Dungeon Overview and Level Annotations

Branches:
Dungeon (7/15)
 Temple: D:4-7

Altars:
Elyvilon
Nemelex Xobeh
Trog
Uskayaw

Annotations:
D:6 Dowan, Duvessa


Innate Abilities, Weirdness & Mutations

You reflexively headbutt those who attack you in melee.
You have a pair of horns on your head.


Message History

The orc warrior is heavily wounded.
The orc warrior hits you with a trident.
* * * LOW HITPOINT WARNING * * *
Unknown command.
Okay, then.
You hit the orc warrior. You headbutt the orc warrior.
The orc warrior is severely wounded.
You block the orc warrior's attack.
Okay, then.
Okay, then.
It was a potion of resistance.
You feel protected.
The orc priest shouts!
You hear a bark!
You block the orc warrior's attack.
Unknown command.
You hit the orc warrior but do no damage.
The orc warrior is severely wounded.
The orc warrior barely misses you. You furiously retaliate!
You headbutt the orc warrior.
You hit the orc warrior but do no damage.
Your headbutt misses the orc warrior.
The orc warrior is almost dead.
You block the orc warrior's attack.
A hound comes into view.
You closely miss the orc warrior. Your headbutt misses the orc warrior.
The orc warrior is almost dead.
The orc warrior barely misses you.
You hit the orc warrior but do no damage.
You headbutt the orc warrior.
You kill the orc warrior!
The orc throws a tomahawk.
You block the tomahawk. The orc hits you but does no damage.
Things that are here:
a trident; a plate armour; an orc corpse Unknown command.
You sock the orc!
You kill the orc!
The orc priest calls down the wrath of Beogh upon you.
Beogh smites you!
You die...

.. ... #. #.#. . #
##....#.##... . ..
........#....##. .. #
#.#.......o..# .##.
###......# ....# .....
.....#.#.#.# #.#####...#
.##..#...#.###oh@(....#
..#...#........######...#
#...#.#........# .#
....#o.........##
...............>#.#
#...##.######.....#
#...##.## #.#####
#...##g.# #.# #...###.#
#.#


You could see a hound, an orc priest and an orc.

Vanquished Creatures
  Pikel (D:4)
  A water moccasin (D:7)
  A phantom (D:7)
  An orc warrior (D:7)
  A necrophage (D:7)
  A crimson imp (D:7)
  A jelly (D:7)
  A giant frog skeleton (D:7)
  An orc wizard (D:3)
  Ijyb (D:2)
  An iguana (D:7)
  A worker ant (D:5)
  A worker ant zombie (D:7)
  3 gnolls (D:7)
  3 adders
  2 oozes
  2 worms
  10 orcs
  4 bats (D:3)
  A goblin (D:2)
  5 hobgoblins
  3 jackals (D:3)
  3 kobolds
  2 quokkas
  A ball python (D:3)
  A jackal zombie (D:7)
  4 rats
57 creatures vanquished.

Notes
Turn   | Place    | Note
-------+----------+-------------------------------------------
     0 | D:1      | Implojin the Minotaur Fighter began the quest for the Orb.
     0 | D:1      | Reached XP level 1. HP: 19/19 MP: 0/0
    92 | D:2      | Reached skill level 3 in Maces & Flails
    92 | D:2      | Reached XP level 2. HP: 13/26 MP: 1/1
   163 | D:2      | Noticed Ijyb
   173 | D:2      | Killed Ijyb
   173 | D:2      | Reached skill level 4 in Maces & Flails
   173 | D:2      | Reached XP level 3. HP: 5/31 MP: 2/2
   231 | D:2      | Reached skill level 5 in Maces & Flails
   323 | D:3      | Reached XP level 4. HP: 8/39 MP: 3/3
   429 | D:3      | Reached skill level 6 in Maces & Flails
   681 | D:4      | Found a hide-covered altar of Uskayaw.
   681 | D:4      | Noticed a hand axe
   681 | D:4      | Noticed a hand axe
   683 | D:4      | Noticed a slave
   684 | D:4      | Noticed a slave
   685 | D:4      | Noticed Pikel
   686 | D:4      | Noticed a slave
   693 | D:4      | Noticed a slave
   716 | D:4      | Killed Pikel
   716 | D:4      | Reached skill level 9 in Maces & Flails
   716 | D:4      | Reached XP level 5. HP: 18/45 MP: 4/4
   716 | D:4      | Reached XP level 6. HP: 20/51 MP: 5/5
   716 | D:4      | Reached XP level 7. HP: 23/57 MP: 6/6
   756 | D:5      | Entered Level 5 of the Dungeon
   756 | D:5      | Found a bloodstained altar of Trog.
   757 | D:5      | Found a sparkling altar of Nemelex Xobeh.
   799 | D:6      | Reached skill level 4 in Fighting
   804 | D:6      | Found a white marble altar of Elyvilon.
   834 | D:6      | Noticed Dowan
   835 | D:6      | Noticed Duvessa
  1037 | D:7      | Reached skill level 5 in Fighting
  1039 | D:7      | Reached skill level 6 in Fighting
  1117 | D:7      | Got an ichor-stained shield
  1175 | D:7      | Reached skill level 7 in Fighting
  1243 | D:7      | Reached XP level 8. HP: 73/73 MP: 7/7
  1350 | D:7      | Killed from afar by an orc priest

Vault maps used:
D:1:      evilmike_arrival_hilbert_curve, minmay_tall_x
D:2:      kennysheep_six_static_rooms, uniq_iyjb
D:3:      fountainhead, hangedman_decor_push, minmay_ruptured
D:4:      dancing_weapons_uskayaw, bloody_makhleb, uniq_pikel
D:5:      nicolae_overflow_hidden_temple, first_bread, uniq_menkaure
D:6:      elyvilon_altar_3, uniq_duvessa
D:7:      enter_ossuary_3

Skill      XL: |  1  2  3  4  5  6  7 |
---------------+----------------------+-----
Maces & Flails | 3 4 5 9 |  9.5
Fighting       | 7 |  7.9
Armour         | |  3.6
Shields        | |  3.6

Action                   |  1- 3 |  4- 6 |  7- 9 || total
-------------------------+-------+-------+-------++-------
Melee: Flail             |    54 |    80 |   108 ||   242
       Headbutt          |     5 |    11 |    24 ||    40
  Use: Potion            |     1 |     2 |     1 ||     4
       Scroll            |       |       |     7 ||     7
  Eat: Chunk             |       |       |     1 ||     1
       Bread ration      |       |       |     1 ||     1
Armor: Scale mail        |    14 |    21 |    29 ||    64
Dodge: Dodged            |    10 |    18 |    33 ||    61
Block: Shield            |    33 |    37 |    57 ||   127

Table legend:
 A = Turns spent in this place as a percentage of turns spent in the entire game.
 B = Non-inter-level travel turns spent in this place as a percentage of non-inter-level travel turns spent in the entire game.
 C = Inter-level travel turns spent in this place as a percentage of turns spent in this place.
 D = Turns resting spent in this place as a percentage of non-inter-level travel turns spent in this place.
 E = Turns spent auto-exploring this place as a percentage of non-inter-level travel turns spent in this place.
 F = Non-inter-level travel turns spent in this place divided by the number of levels of this place that you've seen.
                   A       B       C       D       E      F
               +-------+-------+-------+-------+-------+----------------------
         Total | 100.0 | 100.0 |   0.0 |   0.0 |   0.0 | 204.1
       Dungeon | 100.0 | 100.0 |   0.0 |   0.0 |   0.0 | 204.1
               +-------+-------+-------+-------+-------+----------------------

Table legend:
 A = Kills in this place as a percentage of kills in entire the game.
 B = Kills by you in this place as a percentage of kills by you in the entire game.
 C = Kills by friends in this place as a percentage of kills by friends in the entire game.
 D = Other kills in this place as a percentage of other kills in the entire game.
 E = Experience gained in this place as a percentage of experience gained in the entire game.
 F = Experience gained in this place divided by the number of levels of this place that you have seen.
                   A       B       C       D       E      F
               +-------+-------+-------+-------+-------+----------------------
         Total | 100.0 | 100.0 |  -nan |  -nan | 100.0 | 235.0
       Dungeon | 100.0 | 100.0 |  -nan |  -nan | 100.0 | 235.0
               +-------+-------+-------+-------+-------+----------------------
